 Dungeon Crawl Stone Soup version 0.28.0-43-g3370ac3207 (webtiles) character file.

Game seed: 12805813188793911238

249 pkoi the Insei (level 5, -4/46 HPs)
             Began as a Draconian Monk on Feb 28, 2022.
             Succumbed to an orc wizard's poison
             ... on level 3 of the Dungeon.
             The game lasted 00:03:11 (3321 turns).

pkoi the Insei (Draconian Monk)                     Turns: 3321, Time: 00:03:12

Health: -4/46      AC:  7    Str: 12 (13) XL:     5   Next: 87%
Magic:  3/5        EV: 12    Int: 11 (12) God:
Gold:   133        SH:  0    Dex: 12 (14) Spells: 4/4 levels left

rFire   . . .      SeeInvis .     - Unarmed
rCold   . . .      Faith    .   (no shield)
rNeg    . . .      Spirit   .   (armour unavailable)
rPois   .          Reflect  .   (helmet restricted)
rElec   .          Harm     .   (no cloak)
rCorr   .          Rampage  .   o - +1 pair of gloves {infuse}
Will    .....                   (no boots)
Stlth   ++........              (no amulet)
HPRegen 0.15/turn               (no ring)
MPRegen 0.09/turn               (no ring)

@: mighty, lethally poisoned (-4 -> -23), attractive
A: AC +5, unfitting armour, cold-blooded
a: no special abilities


You were on level 3 of the Dungeon.
You visited 1 branch of the dungeon, and saw 3 of its levels.

You collected 133 gold pieces.

Inventory:

Hand Weapons
 b - a +0 rapier
 g - a +1 whip of electrocution
Armour
 o - a +1 pair of gloves of infusion (worn)
Scrolls
 a - a scroll of brand weapon {unknown}
 e - a scroll of blinking {unknown}
 j - 3 scrolls of identify {unknown}
 n - a scroll of fear {unknown}
 p - a scroll of acquirement {unknown}
Potions
 f - a potion of attraction
 k - a potion of heal wounds {unknown}
 l - a potion of haste {unknown}
 m - a potion of mutation {unknown}


   Skills:
 - Level 4.0 Fighting
 + Level 3.3 Dodging
 - Level 1.7 Stealth
 * Level 5.9 Unarmed Combat


You had 4 spell levels left.
You didn't know any spells.
Your spell library was empty.

Dungeon Overview and Level Annotations

Branches:
Dungeon (3/15)

Altars:
Sif Muna
Wu Jian


Innate Abilities, Weirdness & Mutations

Your plain brown scales are hard. (AC +5)
You cannot fit into any form of body armour.
You are cold-blooded and may be slowed by cold attacks.


Message History

Unknown command.
You miss something.
* * * LOW HITPOINT WARNING * * *
You feel very sick.
Unknown command.
You feel better.
You hear some strange, mumbled words.
Something tries to affect you, but you resist.
You barely miss something.
You hear some strange, mumbled words.
Something tries to affect you, but you resist.
Unknown command.
You barely miss something. Something hits you.
* * * LOW HITPOINT WARNING * * *
Unknown command.
You miss something. Something hits you.
* * * LOW HITPOINT WARNING * * *
You are poisoned.
Unknown command.
You barely miss something.
* * * LOW HITPOINT WARNING * * *
You feel sick. Something hits you but does no damage.
You are lethally poisoned!
Unknown command.
You hit something.
* * * LOW HITPOINT WARNING * * *
You feel very sick. Something hits you but does no damage.
You are more poisoned.
Unknown command.
You miss something.
Your tail-slap misses something.
* * * LOW HITPOINT WARNING * * *
You feel very sick.
You hear some strange, mumbled words.
A magic dart appears from out of thin air!
The magic dart hits you but does no damage.
Unknown command.
It was a potion of might.
You feel very mighty all of a sudden.
You die...

...................####
.#...........###.###
##.......###>..#.# #.......#
###...# ####..#.# ##..###
#..#.# #....# # ##...#
####....# # #....###....{..#
## ##.#.)....###@..#####
.###......#### #.......##
.#...###..<[.# ##..##8.8#
...#.# #..##.# #..##.).#
.....# ##.##.# #.###8.8###
.#...####..#.# ###≈≈...≈≈##
#..........#.## ##≈≈≈8.8≈≈≈#
...###........###≈≈≈≈#'#≈≈≈≈#
#.## ######....##≈≈.##.##.≈≈#


There were no monsters in sight!

Vanquished Creatures
  A sky beast (D:3)
  Terence (D:2)
  Jessica (D:3)
  Natasha (D:2)
  2 adders (D:2)
  A dart slug (D:2)
  6 orcs (D:3)
  2 ball pythons
  6 endoplasms
  3 goblins
  3 hobgoblins
  2 jackals (D:1)
  2 quokkas
  9 bats
  4 kobolds
  4 rats
48 creatures vanquished.

Notes
Turn   | Place    | Note
-------+----------+-------------------------------------------
     0 | D:1      | pkoi the Draconian Monk began the quest for the Orb.
     0 | D:1      | Reached XP level 1. HP: 19/19 MP: 1/1
   409 | D:1      | Reached XP level 2. HP: 26/26 MP: 2/2
  1056 | D:1      | Reached skill level 4 in Unarmed Combat
  1366 | D:2      | Reached XP level 3. HP: 31/31 MP: 3/3
  1466 | D:2      | Found a faded altar of an unknown god.
  1836 | D:2      | Noticed Terence
  1840 | D:2      | Killed Terence
  1841 | D:2      | Reached skill level 5 in Unarmed Combat
  1841 | D:2      | Reached XP level 4. HP: 38/38 MP: 4/4
  2269 | D:3      | Noticed Jessica
  2270 | D:3      | Noticed Natasha
  2521 | D:2      | Killed Natasha
  2548 | D:3      | Killed Jessica
  2682 | D:3      | Noticed a sky beast
  2708 | D:3      | Killed a sky beast
  2709 | D:3      | Reached XP level 5. HP: 15/46 MP: 0/5
  3127 | D:3      | Found an ornate altar of the Wu Jian Council.
  3272 | D:3      | Found a shimmering blue altar of Sif Muna.
  3320 | D:3      | HP: 1/46 [poisoned by an orc wizard]
  3321 | D:3      | Succumbed to an orc wizard's poison

Illustrated notes

Levels and vault maps discovered:
D:1:      elethiomel_arrival_quiet, layout_basic, minmay_tiny_reverse_x
D:2:      layout_rooms, nicolae_ecumenical_lake_church, uniq_terence
D:3:      layout_rooms, nzn_wu_jian_contemplation, kennysheep_orc_sif_temple,
          uniq_natasha, uniq_jessica

Skill      XL: |  1  2  3  4  5 |
---------------+----------------+-----
Unarmed Combat | 4 5 |  5.9
Dodging        | 3 |  3.3
Fighting       | 4 |  4.0
Stealth        | |  1.7

Action                   |  1- 3 |  4- 6 || total
-------------------------+-------+-------++-------
Melee: Unarmed           |     9 |    55 ||    64
       Rapier            |    29 |       ||    29
       Tailslap          |     6 |     8 ||    14
       Whip              |    40 |    33 ||    73
       Punch             |     2 |       ||     2
  Use: Potion            |       |     7 ||     7
 Stab: Sleeping          |     3 |     1 ||     4
Armor: Skin              |    36 |    39 ||    75
Dodge: Dodged            |    51 |    38 ||    89
